 Dungeon Crawl Stone Soup version 0.32-a0-12-g7fc57aa741 (webtiles) character file.

Game seed: 4227174785390427080

3241 p00ps00p the Cleaver (level 9, -1/83 HPs)
             Began as a Hill Orc Fighter on Jan 15, 2024.
             Was an Initiate of Gozag.
             Asphyxiated
             ... on level 8 of the Dungeon.
             The game lasted 00:15:04 (7126 turns).

p00ps00p the Cleaver (Hill Orc Fighter)             Turns: 7126, Time: 00:15:04

Health: -1/83      AC:  0    Str: 23    XL:     9   Next: 99%
Magic:  0/9        EV: 17    Int:  8    God:    Gozag
Gold:   0          SH:  0    Dex: 15    Spells: 8/8 levels left

rFire   . . .        a - melded +0 war axe
rCold   . . .        C - melded +0 kite shield
rNeg    . . .        x - melded +0 chain mail
rPois   .            (helmet currently unavailable)
rElec   .            p - melded +0 cloak
rCorr   .            (gloves currently unavailable)
SInv    .            (boots currently unavailable)
Will    .....        k - amulet of guardian spirit
Stlth   +            h - melded +4 ring of slaying
HPRegen 0.33/turn    f - melded ring of see invisible
MPRegen 0.11/turn

%: guardian spirit
@: mighty, lethally poisoned (-1 -> -18), bat-form (expiring), flying, hasted,
very quick
A: fast, flying, no casting, tiny
a: Renounce Religion, Potion Petition, Call Merchant, Bribe Branch


You were on level 8 of the Dungeon.
You worshipped Gozag.
Gozag was noncommittal.
You were a bat.
You visited 2 branches of the dungeon, and saw 9 of its levels.

You collected 94 gold pieces.
You paid 94 gold pieces to Gozag.

Inventory:

Hand Weapons
 a - a +0 war axe (melded)
 m - a +0 great sword
Missiles
 n - 6 poisoned darts
 o - 3 curare-tipped darts (quivered)
Armour
 b - a +0 scale mail
 p - a +0 cloak (melded)
 x - a +0 chain mail (melded)
 C - a +0 kite shield (melded)
Jewellery
 f - a ring of see invisible (melded)
 h - a +4 ring of slaying (melded)
 k - an amulet of guardian spirit (around neck)
 l - an amulet of the acrobat
 z - a ring of willpower
Wands
 q - a wand of polymorph (10)
 u - a wand of charming (7)
Scrolls
 t - a scroll of vulnerability
 v - a scroll of noise
 w - 2 scrolls of enchant armour
 y - a scroll of revelation
Potions
 d - 2 potions of might
 g - a potion of haste
 i - a potion of mutation
 j - a potion of enlightenment
 s - 2 potions of heal wounds {unknown}
 B - a potion of brilliance {unknown}
 D - a potion of lignification {unknown}


   Skills:
 + Level 9.1 Fighting
 + Level 9.3 Axes
 + Level 8.2 Armour
 + Level 8.2 Shields


You had 8 spell levels left.
You didn't know any spells.
Your spell library contained the following spells:

 Spells                   Type           Power      Damage    Failure   Level
 Apportation              Tloc           0%         N/A       41%         1
 Foxfire                  Conj/Fire      0%         2x1d4     41%         1
 Summon Small Mammal      Summ           0%         N/A       41%         1
 Call Imp                 Summ           0%         N/A       54%         2
 Sublimation of Blood     Necr           0%         N/A       54%         2
 Summon Hydra             Summ           0%         N/A       100%        7


Dungeon Overview and Level Annotations

Branches:
Dungeon (8/15)             Temple (1/1) D:5
   Lair: D:8-11

Altars:
Ashenzari
Cheibriados
Dithmenos
Elyvilon
Fedhas
Gozag
Hepliaklqana
Kikubaaqudgha
Makhleb
Nemelex Xobeh
Okawaru
Qazlal
Ru
Sif Muna
Trog
Uskayaw
Vehumet
Wu Jian
Xom
Yredelemnul
Zin
The Shining One

Shops:
D:4 :

Annotations:
D:8 Maurice


Message History

Something blocks your attack. Something barely misses you. x2
Something blocks your attack.
You miss something. Something hits you.
Something grunts, "Curses!"
Something bites you.
You feel your power leaking away. Something drains your magic.
You miss something. You closely miss something. Something hits you!
* * * LOW HITPOINT WARNING * * *
Something groans, "What are you, a monk?"
Something bites you.
* * * LOW HITPOINT WARNING * * *
Something drains your magic.
You closely miss something. Something hits you.
* * * LOW HITPOINT WARNING * * *
Something mutters, "Now where did you hide it?"
Something bites you.
* * * LOW HITPOINT WARNING * * *
Something drains your magic.
Aiming: Charm
Press: ? - help, Q - select action, (/) - cycle Shift-Dir - straight line Nothing appears to happen.
Your transformation is almost over.
Aiming: Charm
Press: ? - help, Q - select action, (/) - cycle Shift-Dir - straight line Nothing appears to happen.
Something hits you!
* * * LOW HITPOINT WARNING * * *
Something mutters, "Now where did you hide it?"
Something bites you.
* * * LOW HITPOINT WARNING * * *
Something drains your magic.
Found 13 gold pieces.
A curare-tipped dart appears from out of thin air!
The curare-tipped dart hits you.
You are lethally poisoned!
You have difficulty breathing.
You die...
Your body crumbles into a pile of gold.

# # .#. #.#
#.##
########..##
.....$.b...#
########...#
#...# #...#
#...# #?..#
#...# #...#
#...#####.


There were no monsters in sight!

Vanquished Creatures
  Sigmund (D:3)
  A wyvern (D:7)
  2 steam dragons
  The ghost of Esekla the Grave Robber, an amateur GnNe (D:4)
  A water moccasin (D:7)
  2 black bears
  2 ice beasts
  3 sky beasts
  An ogre (D:6)
  4 centaurs
  A phantom (D:5)
  A kobold brigand (D:7)
  2 bullfrogs
  A gnoll sergeant (D:7)
  3 scorpions
  4 wights (D:6)
  A bombardier beetle (D:6)
  3 hounds
  A jelly (D:6)
  2 orc priests
  A sleepcap (D:3)
  4 iguanas
  3 orc wizards
  12 gnolls
  5 adders
  2 river rats (D:4)
  2 white imps
  2 ribbon worms
  A dart slug (D:3)
  21 orcs
  2 endoplasms
  5 giant cockroaches
  9 goblins
  6 hobgoblins
  2 jackals (D:3)
  5 ball pythons
  2 frilled lizards
  7 kobolds
  3 rats
131 creatures vanquished.

Notes
Turn   | Place    | Note
-------+----------+-------------------------------------------
     0 | D:1      | p00ps00p the Hill Orc Fighter began the quest for the Orb.
     0 | D:1      | Reached XP level 1. HP: 19/19 MP: 1/1
   372 | D:1      | Reached XP level 2. HP: 19/27 MP: 2/2
  1378 | D:2      | Reached XP level 3. HP: 33/33 MP: 3/3
  2007 | D:3      | Found an iron altar of Okawaru.
  2087 | D:3      | Noticed Sigmund
  2092 | D:3      | Killed Sigmund
  2093 | D:3      | Reached XP level 4. HP: 41/41 MP: 4/4
  2093 | D:3      | Reached XP level 5. HP: 47/47 MP: 5/5
  2124 | D:3      | Reached skill level 5 in Fighting
  2124 | D:3      | Reached XP level 6. HP: 51/56 MP: 6/6
  2373 | D:3      | Found a faded altar of an unknown god.
  2467 | D:3      | Reached skill level 5 in Axes
  2747 | D:4      | Found a runed translucent door.
  2774 | D:4      | Reached skill level 5 in Armour
  2774 | D:4      | Reached skill level 5 in Shields
  2776 | D:4      | Noticed Esekla's ghost (amateur GnNe)
  2787 | D:4      | Killed Esekla's ghost
  2788 | D:4      | Reached XP level 7. HP: 55/62 MP: 5/7
  2788 | D:4      | Found a runed translucent door.
  3034 | D:4      | Found Qicwyom's Vocational Training.
  3223 | D:5      | Entered Level 5 of the Dungeon
  3459 | D:5      | Reached XP level 8. HP: 71/71 MP: 8/8
  3498 | D:5      | Identified the +5 falchion "Mod Asko" {drain, *Corrode rF++
                  | Int+2 SInv}
  3526 | D:5      | Found a staircase to the Ecumenical Temple.
  3534 | Temple   | Entered the Ecumenical Temple
  3574 | Temple   | Became a worshipper of Gozag Ym Sagoz the Greedy
  4878 | D:6      | Reached XP level 9. HP: 79/79 MP: 9/9
  6222 | D:7      | Got A Beginning Course on Mysticism
  7060 | D:8      | Noticed Maurice
  7066 | D:8      | Maurice stole a ring of wizardry
  7069 | D:8      | Maurice stole the +5 falchion "Mod Asko" {drain, *Corrode
                  | rF++ Int+2 SInv}
  7080 | D:8      | Maurice stole a +1 buckler
  7091 | D:8      | Something stole 5 curare-tipped darts
  7092 | D:8      | Something stole 28 gold
  7093 | D:8      | Something stole 31 gold
  7094 | D:8      | Something stole 626 gold
  7096 | D:8      | Something stole 141 gold
  7098 | D:8      | HP: 4/83 [something (1)]
  7099 | D:8      | HP: 1/83 [something (8)]
  7116 | D:8      | HP: 3/83 [something (2)]
  7126 | D:8      | Asphyxiated

Illustrated notes

Levels and vault maps discovered:
D:1:      lightli_arrival_noodles, layout_basic, serial_rivers,
          chequers_serial_rivers_room_a, chequers_serial_rivers_micro_a,
          chequers_serial_rivers_marsh, chequers_serial_rivers_large_a,
          chequers_serial_rivers_room_b
D:2:      layout_basic
D:3:      layout_basic, okawaru_metal_pillars_1_2,
          shapermc_ecumenical_altar_totnotflames, uniq_sigmund
D:4:      layout_rooms, ebering_ghost_sewer_f, nicolae_shop_vocational
D:5:      layout_basic, minmay_temple_entry_enclosed_plants,
          chequers_serial_rivers_micro_a, chequers_serial_rivers_micro_a
D:6:      layout_loops_corners
D:7:      layout_loops_cross, wad_floor_pattern_1
D:8:      layout_loops_ring, grunt_lair_entry_orc_guard_hut, minmay_manual_maat,
          uniq_maurice
Temple:   mainiacjoe_temple_hex_bubbles

Skill      XL: |  1  2  3  4  5  6  7  8  9 |
---------------+----------------------------+-----
Axes           | 3 4 5 6 7 9 |  9.3
Fighting       | 4 5 6 7 9 |  9.1
Armour         | 4 5 6 8 |  8.2
Shields        | 4 5 6 8 |  8.2

Action                     |  1- 3 |  4- 6 |  7- 9 || total
---------------------------+-------+-------+-------++-------
  Melee: War axe           |    82 |    79 |   269 ||   430
         Unarmed           |       |       |    15 ||    15
  Throw: Dart              |     5 |     6 |       ||    11
  Evoke: Wand              |       |       |     2 ||     2
    Use: Scroll            |     1 |     1 |    10 ||    12
         Potion            |       |       |     7 ||     7
 Armour: Scale mail        |    70 |    49 |   103 ||   222
         Chain mail        |       |       |   115 ||   115
         Skin              |       |       |    33 ||    33
  Dodge: Dodged            |    39 |    51 |    97 ||   187
  Block: Buckler           |    17 |    18 |    66 ||   101
         Kite shield       |       |       |    30 ||    30

Table legend: (Time is in decaauts)
 A = Elapsed time spent in this place.
 B = Non-inter-level travel time spent in this place.
 C = Inter-level travel time spent in this place.
 D = Time resting spent in this place.
 E = Time spent auto-exploring this place.
 F = Levels seen in this place.
 G = Mean time per level.
                   A        B        C        D        E       F      G
               +--------+--------+--------+--------+--------+-----+--------+
         Total |   7223 |   6983 |    240 |    643 |   5124 |   9 |  802.6 |
       Dungeon |   7147 |   6981 |    166 |    643 |   5124 |   8 |  893.4 |
        Temple |     75 |      1 |     74 |      0 |      0 |   1 |   75.0 |
               +--------+--------+--------+--------+--------+-----+--------+

Top non-repeatable levels by time:
     D:6: 1478 daAuts
     D:5: 1267 daAuts
     D:1: 1209 daAuts
     D:7: 1032 daAuts
     D:2: 750 daAuts
     D:3: 694 daAuts
     D:4: 639 daAuts
  Temple: 75 daAuts
     D:8: 75 daAuts
